 Dungeon Crawl Stone Soup version 0.17.1-1-g73c8601 (webtiles) character file.

334046 Runnr the Warrior (level 21, 146/146 HPs)
             Began as a Gargoyle Fighter on Jan 4, 2016.
             Was the Champion of Makhleb.
             Quit the game on level 2 of the Vaults.
             The game lasted 02:57:49 (44084 turns).

Runnr the Warrior (Gargoyle Fighter)               Turns: 44084, Time: 02:57:50

Health: 146/146    AC: 44    Str: 29    XL:     21   Next: 83%
Magic:  32/32      EV: 18    Int: 10    God:    Makhleb [******]
Gold:   3667       SH: 22    Dex: 18    Spells: 3 memorised, 13 levels left

rFire  + + +     SeeInvis +     U - +7 broad axe of Honour {chop, rF+ Dex+2}
rCold  + . .     Clarity  .     t - +1 plate armour {MR+}
rNeg   + + .     SustAt   .     I - +6 shield of Fewualum {Str+3}
rPois  ∞         Gourm    .     a - +0 helmet {SInv}
rElec  +         Spirit   +     h - +2 cloak {rPois}
rCorr  +         Warding  .     z - +0 pair of gloves of Temperance {rF+ rN+ rCorr}
rMut   .         Stasis   .     D - +1 pair of boots
MR     +++..                    k - amulet of guardian spirit
Stlth  ..........               o - ring of Osylauz {rF+ rC+ Str+4}
                                S - ring of protection from magic

@: flying, studying 2 skills, extremely resistant to hostile enchantments,
extremely unstealthy
A: big wings, negative energy resistance 1, electricity resistance, unbreathing,
petrification resistance, rot immunity, AC +15
a: Stop Flying, Minor Destruction, Lesser Servant of Makhleb, Major Destruction,
Greater Servant of Makhleb, Renounce Religion
}: 2/15 runes: serpentine, barnacled


You were on level 2 of the Vaults.
You worshipped Makhleb.
Makhleb was exalted by your worship.
You were not hungry.

You visited 8 branches of the dungeon, and saw 41 of its levels.
You also visited: Bailey and Ice Cave.

You collected 5277 gold pieces.
You spent 1610 gold pieces at shops.

Inventory:

Hand Weapons
 U - the +7 broad axe of Honour (weapon) {chop, rF+ Dex+2}
   (You found it on level 8 of the Lair of Beasts)

   It inflicts extra damage upon your enemies.
   It affects your dexterity (+2).
   It protects you from fire.
Armour
 a - a +0 helmet of see invisible (worn)
 h - a +2 cloak of poison resistance (worn)
 t - a +1 plate armour of magic resistance (worn)
 z - the +0 pair of gloves of Temperance (worn) {rF+ rN+ rCorr}
   (You found it on level 4 of the Shoals)

   It protects you from fire.
   It protects you from negative energy.
   It protects you from acid and corrosion.
 D - a +1 pair of boots (worn)
 I - the +6 shield of Fewualum (worn) {Str+3}
   (You found it on level 9 of the Dungeon)

   It affects your strength (+3).
Jewellery
 k - an amulet of guardian spirit (around neck)
 n - an uncursed ring of protection from fire
 o - the ring of Osylauz (right hand) {rF+ rC+ Str+4}
   (You found it in an ice cave)

   [ring of strength]

   It affects your strength (+4).
   It protects you from fire.
   It protects you from cold.
 u - an uncursed ring of protection from cold
 x - a +5 ring of protection
 y - an uncursed ring of teleportation
 G - an uncursed ring of positive energy
 S - a ring of protection from magic (left hand)
 V - a +4 ring of slaying {unknown}
Wands
 g - a wand of teleportation (1)
 F - a wand of teleportation (4)
 Z - a wand of heal wounds (1)
Scrolls
 e - 6 scrolls of teleportation
 i - 10 scrolls of recharging
 m - 5 scrolls of immolation
 q - 7 scrolls of enchant weapon
 r - 6 scrolls of magic mapping
 v - 7 scrolls of amnesia
 A - a scroll of brand weapon
 C - 11 scrolls of identify
 K - 2 scrolls of acquirement
 L - 8 scrolls of remove curse
 M - 9 scrolls of enchant armour
 O - a scroll of fog
 Q - a scroll of fear
 T - 2 scrolls of blinking
Potions
 b - a potion of magic
 c - 2 potions of agility
 d - 2 potions of beneficial mutation
 f - 10 potions of curing
 l - 4 potions of heal wounds
 p - 5 potions of haste
 s - 3 potions of invisibility
 H - 4 potions of might
 R - 4 potions of brilliance
 W - a potion of resistance
 X - a potion of berserk rage
Books
 j - a manual of Dodging
 N - a manual of Invocations
Comestibles
 w - 36 fruits
 B - 7 slices of pizza
 E - 25 bread rations
 J - 14 meat rations
 P - 14 beef jerkies


   Skills:
 * Level 20.0 Fighting
 * Level 15.3 Axes
 * Level 17.5 Armour
 * Level 15.0 Dodging
 * Level 17.5 Shields
 + Level 15.8 Invocations
 - Level 3.8 Evocations


You had 13 spell levels left.
You knew the following spells:

 Your Spells              Type           Power        Failure   Level  Hunger
a - Regeneration          Chrm/Necr      #.........   100%        3    ####...
b - Repel Missiles        Chrm/Air       #.....       100%        2    ###....
c - Swiftness             Chrm/Air       #.......     100%        2    ###....


Dungeon Overview and Level Annotations

Branches:
Dungeon (15/15)            Temple (1/1) D:4            Lair (8/8) D:8
 Shoals (4/4) Lair:4        Snake (4/4) Lair:4        Slime (0/6) Lair:7
    Orc (4/4) D:11            Elf (3/3) Orc:3        Vaults (2/5) D:14
  Crypt (0/3) Vaults:2     Depths (0/5) D:15

Altars:
Ashenzari
Cheibriados
Dithmenos
Elyvilon
Fedhas
Gozag
Kikubaaqudgha
Makhleb
Nemelex Xobeh
Okawaru
Qazlal
Ru
Sif Muna
Trog
Vehumet
Yredelemnul
Zin
The Shining One
Jiyva

Shops:
D:8 (:*}   D:14 =[[   Orc:3 *   Orc:4 }=}([(%([   Snake:4 *

Portals:
Trove: D:13 (give 7 potions of haste)


Innate Abilities, Weirdness & Mutations

You are resistant to torment.
Your stone body is resilient (AC +15).
You are immune to poison.
Your large and strong wings let you fly indefinitely.
You resist negative energy.
You are resistant to electric shocks.
You can survive without breathing.
You are immune to petrification.
You are immune to rotting.


Message History

The harpy is moderately wounded.
You block the harpy's attack. x2
The harpy barely misses you. The harpy claws you but does no damage.
You slice the harpy!!
You kill the harpy!
Makhleb accepts your kill.
A green ugly thing comes into view.
You block the vault warden's attack.
You slash the vault warden!
The vault warden is lightly wounded.
The vault warden activates a sealing rune.
A door slams shut!
You barely miss the vault warden.
The vault warden is lightly wounded.
Are you sure you want to abandon this character and quit the game? (Confirm with "yes".)
Okay, then.
Welcome back, Runnr the Gargoyle Fighter.
Blood and souls for Makhleb!
Press ? for a list of commands and other information.
Are you sure you want to abandon this character and quit the game? (Confirm with "yes".)

#...##
.......#.#.#.>.#.#.#.....
#...##
..≈≈≈..#.#)#...#.#.#.....
.....#
..≈≈≈..#.#.#####.#.#.....
######
..≈≈≈..#.#.......#.######
.......#[#########.#
.......#..........[#
#####+###+########+
#...#.# #@#.# #p#.#.# #e#
#.## #.. #.# #. .# #. # #


You could see a vault warden and a deep elf priest.

Vanquished Creatures
  Vashnia (Snake:3)
  Nikola (Elf:2)
  Jorgrun (Elf:2)
  Rupert (D:14)
  3 deep elf blademasters
  A deep elf master archer (Elf:3)
  Gastronok (D:8)
  Agnes (Elf:2)
  Frances (D:14)
  The ghost of CcS the Fighter, an adept GrNe of Cheibriados (Shoals:4)
  9 greater nagas
  Ilsuiw (Shoals:4)
  Wiglaf (Elf:2)
  Donald (Elf:1)
  3 frost giants
  Aizul (Elf:2)
  Louise (D:15)
  9 deep elf sorcerers
  6 vault wardens (Vaults:1)
  2 stone giants
  The ghost of MirrMurr the Eclecticist, an adept SpEn of Ashenzari (Elf:2)
  4 ironheart preservers
  5 deep elf demonologists
  The ghost of Clownie the Blocker, a journeyman FoFi of the Shining One (Orc:4)
  10 deep elf annihilators (Elf:3)
  2 dire elephants (Lair:8)
  An ettin (Vaults:2)
  4 merfolk javelineers (Shoals:4)
  3 deep elf death magi (Elf:3)
  5 merfolk impalers (Shoals:4)
  7 vault guards
  A fire dragon (D:15)
  Josephine (Lair:7)
  A deep elf high priest (Elf:3)
  2 rakshasas
  The ghost of Flanowski the Blocker, a journeyman HOFi of Makhleb (D:11)
  An ice dragon (Vaults:1)
  3 yaktaur captains
  10 naga warriors
  14 anacondas
  6 merfolk avatars
  2 alligator snapping turtles (Shoals:4)
  12 dancing weapons (Elf:2)
  3 centaur warriors
  A deep troll earth mage (Vaults:1)
  2 satyrs
  A death yak (Lair:8)
  4 merfolk aquamancers
  7 ogre magi
  8 shock serpents
  14 naga sharpshooters
  2 orc high priests
  6 deep trolls
  A salamander mystic (Snake:2)
  5 unseen horrors
  30 deep elf knights
  19 skeletal warriors
  9 naga ritualists
  17 sea snakes
  7 ironbrand convokers
  10 hill giants
  Pikel (D:5)
  12 deep elf summoners
  A kraken simulacrum (Shoals:4)
  14 harpies
  14 deep elf conjurers
  A wizard (Vaults:1)
  13 orc knights
  A large abomination (Elf:2)
  3 fauns (Shoals:3)
  A necromancer (Vaults:1)
  8 mana vipers
  8 manticores
  16 griffons
  24 ugly things
  2 statues (D:14)
  12 salamanders
  2 orc sorcerers
  A moth of wrath (shapeshifter) (Elf:3)
  A sphinx skeleton (Vaults:2)
  2 water nymphs
  12 elephants
  12 sirens
  2 wolf spiders
  A stone giant skeleton (Vaults:2)
  28 black mambas
  9 cyclopes
  A frost giant skeleton (Vaults:1)
  9 guardian serpents
  2 centaur zombies
  An ice statue (IceCv)
  3 gargoyles
  22 naga magi
  5 vault sentinels (Vaults:1)
  A torpor snail (Lair:7)
  2 efreet (D:14)
  2 fire drakes
  5 yaktaurs (Vaults:1)
  9 komodo dragons
  3 kobold demonologists
  11 spiny frogs
  A komodo dragon (shapeshifter) (Vaults:1)
  13 deep elf priests
  A freezing wraith (Vaults:2)
  28 merfolk
  17 trolls
  9 slime creatures
  4 wind drakes
  A harpy skeleton (D:13)
  A trapdoor spider zombie (D:11)
  A harpy zombie (D:15)
  Grinder (D:5)
  11 blink frogs
  11 two-headed ogres
  9 snapping turtles
  A hornet zombie (D:15)
  2 boulder beetles (Vaults:1)
  Duvessa (D:6)
  48 yaks
  6 water elementals
  A spriggan (D:7)
  24 deep elf magi
  3 hungry ghosts
  2 hogs (D:14)
  3 basilisks
  5 wraiths
  13 hippogriffs
  27 deep elf fighters
  A wyvern (D:11)
  18 vampire mosquitoes
  10 wolves
  4 wargs
  15 water moccasins
  56 nagas
  2 sky beasts
  An entropy weaver simulacrum (Vaults:2)
  A mottled dragon (Vaults:1)
  2 human zombies (Vaults:1)
  2 slaves
  A swamp drake (D:11)
  2 wasps (D:11)
  39 orc warriors
  An eye of draining (D:14)
  6 porcupines
  3 black bears (shapeshifter)
  A phantom (D:8)
  The ghost of Gargoyl the Skirmisher, an amateur DsAK of Lugonu (D:3)
  7 centaurs
  53 ogres
  10 human skeletons (Vaults:2)
  21 ice beasts
  7 crocodiles
  7 big kobolds
  Dowan (D:6)
  8 jellies
  14 giant frogs
  9 scorpions
  A water moccasin skeleton (D:9)
  19 killer bees
  3 wights (D:9)
  2 quasits
  6 crimson imps
  27 orc priests
  33 orc wizards
  3 centaur skeletons
  6 hounds
  7 iguanas
  4 giant frog skeletons
  An elf skeleton (Vaults:1)
  12 worker ants
  A killer bee zombie (D:8)
  23 sheep
  A hound skeleton (D:6)
  Robin (D:3)
  23 adders
  62 river rats
  A worker ant zombie (D:10)
  7 gnolls
  2 shadow imps
  4 oozes
  2 adder skeletons
  A worm (D:3)
  6 giant geckos
  226 orcs
  7 bats
  A giant cockroach (D:3)
  17 goblins
  15 hobgoblins
  30 kobolds
  2 quokkas
  2 ball pythons
  5 giant newts
  7 rats
  2 bushes (D:14)
  6 fungi
  15 plants
  A spectral weapon (Snake:3)
1707 creatures vanquished.

Vanquished Creatures (collateral kills)
  Asterion (Snake:3)
  A deep elf sorcerer (Elf:3)
  The ghost of Herrn the Severer, a journeyman NaFi of Okawaru (Lair:8)
  3 dire elephants (Lair:8)
  10 hydras
  Erica (Lair:2)
  A centaur warrior (D:14)
  2 death yaks (Lair:8)
  A deep elf summoner (Elf:2)
  A griffon (Lair:8)
  An ice statue (IceCv)
  A torpor snail (Lair:7)
  A spiny frog (Lair:6)
  A komodo dragon (Lair:8)
  2 boulder beetles
  4 yaks
  A hog (D:14)
  2 hippogriffs (Lair:8)
  2 wolves (Lair:4)
  A naga (Snake:3)
  5 water moccasins
  A porcupine (Lair:2)
  A crocodile (Lair:8)
  2 river rats (Lair:6)
  2 fungi (Lair:8)
49 creatures vanquished.

Vanquished Creatures (others)
  Kirke (D:14)
  2 deep elf high priests (Elf:3)
  A skeletal warrior (Vaults:1)
  A deep elf conjurer (Elf:1)
  A guardian serpent (Snake:2)
  A naga (Snake:4)
  A slave (D:6)
  An iguana (D:6)
  2 orcs
  28 fungi
  11 plants
  7 tentacles
  267 tentacle segments
324 creatures vanquished.

Grand Total: 2080 creatures vanquished

Notes
Turn   | Place    | Note
--------------------------------------------------------------
     0 | D:1      | Runnr the Gargoyle Fighter began the quest for the Orb.
     0 | D:1      | Reached XP level 1. HP: 14/14 MP: 1/1
   133 | D:1      | Found a snail-covered altar of Cheibriados.
   160 | D:1      | Reached XP level 2. HP: 19/19 MP: 2/2
   387 | D:2      | Reached XP level 3. HP: 20/23 MP: 1/3
   461 | D:2      | Found a faded altar to an unknown god.
   920 | D:3      | Reached skill level 1 in Dodging
   920 | D:3      | Reached XP level 4. HP: 27/29 MP: 4/4
   938 | D:3      | Reached skill level 4 in Armour
  1065 | D:3      | Reached XP level 5. HP: 19/33 MP: 2/5
  1196 | D:3      | Noticed Gargoyl's ghost (amateur DsAK)
  1286 | D:3      | Killed Gargoyl's ghost
  1286 | D:3      | Reached XP level 6. HP: 19/38 MP: 3/6
  1631 | D:3      | Noticed Robin
  1659 | D:3      | Killed Robin
  1997 | D:4      | Found a stormy altar of Qazlal.
  2158 | D:5      | Entered Level 5 of the Dungeon
  2158 | D:5      | Noticed Grinder
  2391 | D:4      | Reached XP level 7. HP: 33/44 MP: 4/7
  2511 | D:4      | Reached skill level 5 in Fighting
  2511 | D:4      | Reached skill level 5 in Shields
  2643 | D:4      | Found a staircase to the Ecumenical Temple.
  2652 | Temple   | Entered the Ecumenical Temple
  2698 | Temple   | Became a worshipper of Makhleb the Destroyer
  2792 | D:4      | Reached skill level 5 in Armour
  4199 | D:5      | Reached XP level 8. HP: 50/50 MP: 8/8
  4270 | D:5      | Paralysed by Grinder for 5 turns
  4287 | D:5      | Killed Grinder
  4587 | D:6      | Reached skill level 6 in Fighting
  4958 | D:6      | Noticed Pikel
  5021 | D:5      | Killed Pikel
  5021 | D:5      | Reached XP level 9. HP: 48/56 MP: 7/9
  5040 | D:6      | Reached * piety under Makhleb
  5144 | D:6      | Reached skill level 5 in Axes
  5215 | D:6      | Noticed Duvessa
  5216 | D:6      | Noticed Dowan
  5304 | D:6      | Killed Duvessa
  5304 | D:6      | Reached skill level 7 in Fighting
  5329 | D:6      | Killed Dowan
  6432 | D:7      | Found a flagged portal.
  6442 | Bailey   | Entered a bailey
  6980 | Bailey   | Reached ** piety under Makhleb
  6984 | Bailey   | Reached skill level 5 in Dodging
  7473 | Bailey   | Reached XP level 10. HP: 62/64 MP: 7/10
  7789 | Bailey   | Noticed an orc knight
  8142 | D:7      | Reached skill level 8 in Fighting
  8146 | D:7      | Reached skill level 1 in Evocations
  8784 | D:8      | Found a staircase to the Lair.
  8844 | D:8      | Found Fecaschof's Antique Weapon Boutique.
  8873 | D:8      | Bought a runed war axe for 84 gold pieces
  8921 | D:8      | Found Ammiat's Gadget Emporium.
  8954 | D:8      | Reached *** piety under Makhleb
  9062 | D:8      | Noticed Gastronok
  9088 | D:8      | Killed Gastronok
  9088 | D:8      | Reached skill level 9 in Fighting
  9091 | D:8      | Found Mute's General Store.
  9249 | D:8      | Found Sin Hi Ilog's Book Shop.
  9392 | D:8      | Found an ancient bone altar of Kikubaaqudgha.
  9392 | D:8      | Noticed a hell beast
  9540 | D:8      | Reached XP level 11. HP: 72/72 MP: 13/13
 10003 | Lair:1   | Entered Level 1 of the Lair of Beasts
 10016 | Lair:1   | Reached skill level 10 in Fighting
 10171 | Lair:1   | Reached **** piety under Makhleb
 10275 | Lair:1   | Reached skill level 1 in Invocations
 10426 | Lair:1   | Reached skill level 11 in Fighting
 10618 | Lair:1   | Reached ***** piety under Makhleb
 11150 | Lair:2   | Reached skill level 5 in Invocations
 11730 | Lair:2   | Reached skill level 12 in Fighting
 11765 | Lair:2   | Noticed Erica
 11766 | Lair:2   | Noticed a four-headed hydra
 11789 | Lair:2   | Killed a four-headed hydra
 11789 | Lair:2   | Reached XP level 12. HP: 74/81 MP: 15/17
 11806 | Lair:2   | Killed Erica
 12500 | Lair:3   | Got a polished dire flail
 12788 | Lair:4   | Reached skill level 13 in Fighting
 13008 | Lair:4   | Found a staircase to the Snake Pit.
 13123 | Lair:4   | Noticed a seven-headed hydra
 13134 | Lair:4   | Killed a seven-headed hydra
 13165 | Lair:4   | Found a staircase to the Shoals.
 13617 | Lair:5   | Reached skill level 10 in Shields
 13621 | Lair:5   | Reached skill level 10 in Armour
 13628 | Lair:5   | Reached ****** piety under Makhleb
 13777 | Lair:5   | Noticed a five-headed hydra
 13793 | Lair:5   | Killed a five-headed hydra
 13948 | Lair:5   | Noticed a four-headed hydra
 13961 | Lair:5   | Killed a four-headed hydra
 14167 | Lair:5   | Reached XP level 13. HP: 87/89 MP: 17/19
 14516 | Lair:6   | Reached skill level 14 in Fighting
 14807 | Lair:6   | You fall through a shaft!
 14844 | Lair:7   | Noticed Josephine
 15870 | Lair:7   | Found a runed door.
 15872 | Lair:7   | Found a viscous altar of Jiyva.
 15872 | Lair:7   | Found a staircase to the Slime Pits.
 16025 | Lair:7   | Killed Josephine
 16378 | Lair:8   | Entered Level 8 of the Lair of Beasts
 17142 | Lair:8   | Noticed Herrn's ghost (journeyman NaFi)
 17172 | Lair:8   | Killed Herrn's ghost
 17172 | Lair:8   | Reached skill level 15 in Fighting
 17191 | Lair:8   | Gained mutation: Your large and strong wings let you fly indefinitely. [Gargoyle growth]
 17191 | Lair:8   | Reached XP level 14. HP: 50/98 MP: 11/20
 18080 | Lair:8   | Got a transparent broad axe
 18081 | Lair:8   | Identified the +7 broad axe of Honour {chop, rF+ Dex+2} (You found it on level 8 of the Lair of Beasts)
 18916 | D:9      | Got a pitted shield
 18928 | D:9      | Identified the +6 shield of Fewualum {Str+3} (You found it on level 9 of the Dungeon)
 19212 | D:10     | Entered Level 10 of the Dungeon
 19740 | D:10     | Reached skill level 10 in Axes
 20146 | D:11     | Found a staircase to the Orcish Mines.
 20336 | D:11     | Found a glowing silver altar of Zin.
 20721 | D:11     | Noticed Flanowski's ghost (journeyman HOFi)
 20744 | D:11     | Killed Flanowski's ghost
 21150 | Orc:1    | Entered Level 1 of the Orcish Mines
 21864 | Orc:2    | You fall through a shaft for 2 floors!
 21864 | Orc:4    | Entered Level 4 of the Orcish Mines
 21864 | Orc:4    | Found Ykol's Gadget Shop.
 21864 | Orc:4    | Noticed a stone giant
 21871 | Orc:4    | Noticed Clownie's ghost (journeyman FoFi)
 21908 | Orc:3    | Found a frozen archway.
 21928 | IceCv    | Entered an ice cave
 22129 | IceCv    | Got a pitted silver ring
 22138 | IceCv    | Identified the ring of Osylauz {rF+ rC+ Str+4} (You found it in an ice cave)
 22160 | Orc:3    | Found a staircase to the Elven Halls.
 22464 | Orc:3    | Found Pioqirph's General Store.
 22467 | Orc:3    | Bought a bread ration for 80 gold pieces
 23107 | Orc:4    | Found Yrisemm's Armour Shoppe.
 23141 | Orc:4    | Found Utaff's Weapon Shop.
 23172 | Orc:4    | Found Xonu's Antique Armour Emporium.
 23197 | Orc:4    | Found Qoxepof's Food Shop.
 23247 | Orc:4    | Killed a stone giant
 23247 | Orc:4    | Reached XP level 15. HP: 104/104 MP: 15/21
 23251 | Orc:4    | Found Ylufomaehi's Antique Weapon Emporium.
 23341 | Orc:4    | Killed Clownie's ghost
 23366 | Orc:4    | Found Homaynem's Antique Weapon Boutique.
 23373 | Orc:4    | Found Sayrhaun's Jewellery Shoppe.
 23392 | Orc:4    | Found Fuesei's Gadget Boutique.
 23576 | Orc:4    | Bought a faintly glowing ring mail for 333 gold pieces
 23586 | Orc:4    | Identified the +1 ring mail of Yredelemnul's Whim {Str+2 Int-3 Dex+4 SInv} (You bought it in a shop on level 4 of the Orcish Mines)
 24335 | Snake:1  | Entered Level 1 of the Snake Pit
 24385 | Snake:1  | Reached skill level 16 in Fighting
 24573 | Snake:1  | Found a blossoming altar of Fedhas.
 24651 | Snake:2  | Noticed a greater naga
 24673 | Snake:2  | Killed a greater naga
 25722 | D:13     | You fall through a shaft!
 25722 | D:14     | Found Avepraun's Armour Shop.
 25751 | D:14     | Identified a scroll of acquirement
 25796 | D:14     | Reached skill level 10 in Invocations
 25841 | D:14     | Noticed Frances
 25857 | D:14     | Killed Frances
 25935 | D:14     | Found Beubrock's Jewellery Boutique.
 26071 | D:14     | Noticed Kirke
 26079 | D:14     | Killed Kirke
 26095 | D:14     | Found Xetil's Antique Armour Boutique.
 26119 | D:14     | Bought a translucent scale mail for 243 gold pieces
 26129 | D:14     | Identified the cursed +0 scale mail of Xarghol {rPois Int+2} (You bought it in a shop on level 14 of the Dungeon)
 26454 | D:14     | Reached XP level 16. HP: 111/111 MP: 18/23
 26461 | D:14     | Found a gate to the Vaults.
 26483 | D:14     | Learned a level 3 spell: Regeneration
 26503 | D:14     | Noticed Rupert
 26537 | D:14     | Killed Rupert
 26828 | D:15     | Entered Level 15 of the Dungeon
 26895 | D:15     | Noticed Louise
 26943 | D:15     | Killed Louise
 27047 | D:15     | Found an iron altar of Okawaru.
 27048 | D:15     | Found a snail-covered altar of Cheibriados.
 27048 | D:15     | Found a shadowy altar of Dithmenos.
 27137 | D:15     | Found a staircase to the Depths.
 27542 | D:14     | Bought an uncursed ring of protection from magic for 400 gold pieces
 27951 | D:13     | Found a portal to a secret trove of treasure.
 28468 | Elf:1    | Entered Level 1 of the Elven Halls
 28653 | Elf:1    | Found a sparkling altar of Nemelex Xobeh.
 28852 | Elf:1    | Noticed Donald
 28870 | Elf:1    | Killed Donald
 29160 | Elf:1    | Noticed a Brimstone Fiend
 29170 | Elf:1    | Noticed a Hell Sentinel
 29230 | Elf:1    | Reached skill level 10 in Dodging
 29407 | Elf:1    | Reached skill level 17 in Fighting
 29574 | Elf:1    | Got a transparent plate armour
 29602 | Elf:1    | Identified the +9 plate armour "Kiottuasm" {rPois rF- Str+2 Int-2} (You found it on level 1 of the Elven Halls)
 29889 | Elf:2    | Noticed Wiglaf
 29896 | Elf:2    | Reached XP level 17. HP: 91/117 MP: 14/25
 29910 | Elf:2    | Noticed MirrMurr's ghost (adept SpEn)
 30174 | Elf:2    | Noticed Jorgrun
 30186 | Elf:2    | Killed Jorgrun
 30253 | Elf:2    | Noticed Nikola
 30267 | Elf:2    | Killed Nikola
 30445 | Elf:2    | Noticed Agnes
 30456 | Elf:2    | Killed Agnes
 30523 | Elf:2    | Killed Wiglaf
 30765 | Elf:2    | Killed MirrMurr's ghost
 30780 | Elf:2    | Found a huge runed gate.
 30780 | Elf:2    | Found a huge runed gate.
 30795 | Elf:2    | Found a huge runed gate.
 30798 | Elf:2    | Found a huge runed gate.
 30798 | Elf:2    | Found a huge runed gate.
 30860 | Elf:2    | Noticed Aizul
 30872 | Elf:2    | Killed Aizul
 31008 | Elf:2    | Noticed a deep elf blademaster
 31027 | Elf:2    | Killed a deep elf blademaster
 31357 | Elf:3    | Entered Level 3 of the Elven Halls
 31917 | Elf:3    | Reached XP level 18. HP: 124/124 MP: 25/27
 32007 | Elf:3    | Reached skill level 15 in Armour
 32030 | Elf:3    | Noticed a deep elf blademaster
 32065 | Elf:3    | Killed a deep elf blademaster
 32217 | Elf:3    | Noticed a deep elf master archer
 32237 | Elf:3    | Killed a deep elf master archer
 32255 | Elf:3    | Noticed a deep elf blademaster
 32263 | Elf:3    | Killed a deep elf blademaster
 32330 | Elf:3    | Reached skill level 15 in Shields
 32332 | Elf:3    | Got a translucent lead ring
 32343 | Elf:3    | Identified the ring of Existentialism {+/*Tele *Confuse +Inv rN+ Slay+3} (You took it off a deep elf annihilator on level 3 of the Elven Halls)
 32449 | Elf:3    | Reached skill level 18 in Fighting
 32628 | Elf:3    | Learned a level 2 spell: Repel Missiles
 32631 | Elf:3    | Learned a level 2 spell: Swiftness
 32651 | Elf:3    | Identified the Compendium of Congealing Companions
 32943 | Elf:3    | Got a scorched iron ring
 33196 | Elf:3    | Identified the ring of Guojur {Ice Int+4} (You took it off a deep elf death mage on level 3 of the Elven Halls)
 33634 | Snake:2  | Found a burning altar of Makhleb.
 34704 | Snake:3  | Reached XP level 19. HP: 131/131 MP: 26/29
 35026 | Snake:3  | Noticed Asterion
 35041 | Snake:3  | Killed Asterion
 35247 | Snake:3  | Noticed Vashnia
 35288 | Snake:3  | Killed Vashnia
 35824 | Snake:4  | Entered Level 4 of the Snake Pit
 35900 | Snake:4  | Found Jugeqita's General Store.
 35903 | Snake:4  | Bought a scroll of remove curse for 33 gold pieces
 35903 | Snake:4  | Bought a scroll of enchant armour for 82 gold pieces
 35903 | Snake:4  | Bought a meat ration for 55 gold pieces
 36615 | Snake:4  | Got a serpentine rune of Zot
 36687 | Snake:4  | Reached XP level 20. HP: 131/137 MP: 27/30
 37116 | Orc:4    | Bought an uncursed ring of protection from cold for 300 gold pieces
 37491 | Shoals:1 | Entered Level 1 of the Shoals
 37879 | Shoals:1 | Reached skill level 19 in Fighting
 39664 | Shoals:4 | Entered Level 4 of the Shoals
 39886 | Shoals:4 | Got a barnacled rune of Zot
 39953 | Shoals:4 | Noticed Ilsuiw
 40006 | Shoals:4 | Killed Ilsuiw
 40232 | Shoals:4 | Reached skill level 15 in Invocations
 40554 | Shoals:4 | Got a pair of ichor-stained gloves
 40565 | Shoals:4 | Identified the +0 pair of gloves of Temperance {rF+ rN+ rCorr} (You found it on level 4 of the Shoals)
 40695 | Shoals:4 | Noticed CcS's ghost (adept GrNe)
 40749 | Shoals:4 | Killed CcS's ghost
 41474 | Vaults:1 | Entered Level 1 of the Vaults
 42158 | Vaults:1 | Reached XP level 21. HP: 144/144 MP: 28/32
 42428 | Vaults:1 | Reached skill level 15 in Axes
 43584 | Vaults:2 | Reached skill level 20 in Fighting
 43617 | Vaults:2 | Found a staircase to the Crypt.
 43663 | Vaults:2 | Reached skill level 15 in Dodging
 44084 | Vaults:2 | Quit the game

Action                   |  1- 3 |  4- 6 |  7- 9 | 10-12 | 13-15 | 16-18 | 19-21 || total
-------------------------+-------+-------+-------+-------+-------+-------+-------++-------
Melee: War axe           |    74 |   145 |   451 |   948 |   653 |       |       ||  2271
       Battleaxe         |       |       |       |    45 |       |       |       ||    45
       Broad axe         |       |       |       |       |   950 |  1343 |  1878 ||  4171
Invok: Lesser Servant of |       |       |       |     9 |    44 |    21 |     5 ||    79
 Abil: Evoke Teleportati |       |       |       |     2 |     3 |     2 |       ||     7
       Fly               |       |       |       |       |       |       |     1 ||     1
  Use: Scroll            |       |     2 |    10 |     9 |    12 |     5 |     9 ||    47
       Potion            |       |     2 |     4 |     1 |     1 |     3 |       ||    11
 Stab: Distracted        |       |       |       |     1 |    14 |     2 |       ||    17
  Eat: Chunk             |       |     5 |    17 |    28 |    46 |    30 |    33 ||   159
       Beef jerky        |       |       |       |     2 |       |       |       ||     2
       Pizza             |       |       |       |     1 |     1 |       |       ||     2
       Fruit             |       |       |       |       |     1 |       |     1 ||     2
